Map: [ESL] Cosmic Sapphire

Players

ReBellioN

  • Race: Protoss Protoss
  • Spawn Location: 11:00

Astrea - Winner!

  • Race: Protoss Protoss
  • League: Grandmaster
  • Spawn Location: 5:00

VOD

Have the link to the VOD?

Description

Time

  • Played on: Oct. 22, 2022, 6:16 a.m.
  • Length: 7:57
Show
View Real Time Build Order
Export as new Build Order

ReBellioN Protoss 

Build Orders: 1 Gate Expand 

Get SALT Encoding   

  12  0:00  Probe  
  13  0:12  Probe  
  14  0:17  Pylon  
  14  0:24  Probe (Chrono Boost)  
  15  0:36  Probe (Chrono Boost)  
  15  0:40  Gateway  
  16  0:45  Probe (Chrono Boost)  
  16  0:46  Assimilator  
  17  0:51  Probe  
  18  1:03  Probe  
  19  1:17  Probe  
  20  1:22  Nexus  
  20  1:32  Cybernetics Core  
  20  1:37  Assimilator  
  20  1:41  Probe  
  21  1:47  Pylon  
  21  1:53  Probe  
  22  2:06  Stalker (Chrono Boost)  
  22  2:07  Warp Gate (Chrono Boost)  
  24  2:16  Gateway  
  24  2:20  Pylon  
  24  2:22  Probe  
  25  2:31  Stalker  
  27  2:42  Gateway  
  27  2:53  Shield Battery  
  27  2:56  Probe  
  28  3:07  Shield Battery  
  29  3:13  Probe (Chrono Boost)  
  29  3:16  Stalker  
  29  3:17  Probe (Chrono Boost)  
  32  3:23  Probe (Chrono Boost), Assimilator  
  34  3:27  Probe (Chrono Boost)  
  34  3:29  Probe (Chrono Boost)  
  35  3:34  Shield Battery  
  35  3:38  Probe  
  35  3:40  Twilight Council  
  35  3:41  Probe  
  37  3:46  Pylon  
  37  3:53  Probe  
  37  3:54  Stalker x2  
  42  3:56  Sentry  
  42  4:07  Shield Battery  
  42  4:11  Blink (Chrono Boost)  
  42  4:17  Probe  
  42  4:18  Stalker x2  
  42  4:19  Probe  
  42  4:23  Assimilator  
  48  4:27  Stalker  
  48  4:29  Probe  
  45  4:41  Probe (Chrono Boost)  
  45  4:44  Stalker x2  
  50  4:46  Phoenix  
  50  4:50  Probe (Chrono Boost)  
  50  4:52  Probe (Chrono Boost)  
  52  4:55  Probe (Chrono Boost)  
  52  4:56  Stalker  
  55  5:00  Gateway  
  54  5:07  Probe  
  54  5:10  Stalker x2  
  59  5:19  Probe (Chrono Boost), Pylon  
  61  5:32  Probe (Chrono Boost)  
  61  5:34  Probe (Chrono Boost), Pylon  
  62  5:38  Probe (Chrono Boost)  
  63  5:46  Nexus  
  63  5:47  Probe  
  64  5:51  Forge  
  64  5:59  Probe  
  64  6:02  Stalker x2  
  69  6:09  Stalker  
  69  6:10  Stalker  
  73  6:21  Pylon  
  73  6:29  Stalker x2  
  76  6:33  Gateway  
  70  6:41  Robotics Facility  
  70  6:50  Stalker x2  
  70  6:54  Stalker  
  76  6:58  Stalker  
  75  7:14  Probe  
  71  7:26  Probe  
  71  7:29  Observer (Chrono Boost), Stalker x3  
Show
View Real Time Build Order
Export as new Build Order

Astrea Protoss - Winner!

Build Orders: Oracle Opening 

Get SALT Encoding   

  12  0:00  Probe  
  13  0:12  Probe  
  14  0:16  Pylon  
  14  0:24  Probe (Chrono Boost)  
  16  0:36  Gateway, Probe (Chrono Boost)  
  16  0:43  Probe (Chrono Boost)  
  16  0:45  Assimilator  
  17  0:51  Probe  
  17  0:54  Assimilator  
  18  1:03  Probe (Chrono Boost)  
  19  1:07  Gateway  
  19  1:12  Probe (Chrono Boost)  
  19  1:17  Probe (Chrono Boost)  
  20  1:24  Cybernetics Core  
  21  1:29  Probe  
  22  1:34  Pylon  
  22  1:41  Probe  
  23  1:53  Probe  
  24  2:05  Warp Gate, Stalker x2  
  24  2:06  Probe  
  29  2:17  Pylon  
  29  2:24  Stargate  
  29  2:35  Stalker  
  31  2:42  Stalker  
  33  3:06  Oracle (Chrono Boost)  
  36  3:15  Probe  
  36  3:17  Nexus  
  37  3:23  Pylon  
  37  3:27  Probe  
  38  3:38  Oracle (Chrono Boost)  
  38  3:39  Probe  
  42  3:46  Shield Battery  
  42  3:51  Probe  
  42  3:53  Pylon  
  43  4:02  Twilight Council  
  43  4:04  Probe  
  44  4:16  Probe  
  45  4:23  Gateway  
  45  4:28  Probe  
  46  4:35  Probe  
  47  4:40  Probe  
  48  4:47  Dark Shrine, Probe  
  48  4:49  Stalker  
  48  4:50  Stalker  
  48  4:52  Probe  
  54  4:59  Probe  
  55  5:04  Probe  
  55  5:07  Blink (Chrono Boost)  
  56  5:10  Shield Battery  
  56  5:12  Probe  
  57  5:16  Probe  
  57  5:18  Assimilator  
  57  5:21  Pylon  
  58  5:22  Stalker  
  58  5:24  Probe  
  58  5:27  Stalker  
  63  5:30  Probe  
  64  5:36  Probe  
  64  5:38  Stalker  
  64  5:42  Probe  
  68  5:43  Pylon  
  68  5:49  Probe  
  69  5:54  Probe  
  69  5:55  Pylon  
  70  6:11  Dark Templar x2  
  72  6:17  Stalker  
  75  6:29  Pylon  
  75  6:30  Probe x2  
  77  6:49  Stalker x3  
  77  6:51  Nexus  
  77  6:53  Nexus  
  83  6:54  Probe x2, Pylon  
  83  6:57  Forge  
  83  6:58  Pylon  
  85  7:06  Probe  
  85  7:08  Probe  
  85  7:13  Stalker x2  
  85  7:14  Stalker  
  91  7:17  Pylon  
  91  7:18  Probe  
  88  7:25  Robotics Facility  
  88  7:27  Pylon x2  
  87  7:35  Probe x2  
  89  7:39  Stalker x2  
  93  7:46  Nexus  
Tags
 
Add a new tag
Caveats
  • Supply blocks, unpowered buildings, or Contaminate may cause inaccurate times.
  • Supply counts are checked every 10 seconds.